 Dungeon Crawl Stone Soup version 0.32-a0-18-g89e19f1974 (webtiles) character file.

Game seed: 16487262240884787272

27949 p00ps00p the Cleaver (level 13, -34/123 HPs)
             Began as a Hill Orc Fighter on Jan 16, 2024.
             Was an Initiate of Gozag.
             Killed from afar by Frances (59 damage)
             ... with an iron shot
             ... on level 13 of the Dungeon.
             The game lasted 00:27:31 (15130 turns).

p00ps00p the Cleaver (Hill Orc Fighter)            Turns: 15130, Time: 00:27:32

Health: -34/123    AC: 25    Str: 24    XL:     13   Next: 35%
Magic:  13/13      EV: 12    Int:  8    God:    Gozag
Gold:   205        SH:  7    Dex: 10    Spells: 12/12 levels left

rFire   + . .        k - +7 war axe of the Ornamental God {freeze, rN+}
rCold   . . .        c - +0 buckler
rNeg    + + .        O - +1 plate armour "Ytaeg" {Slay+3}
rPois   .            e - +2 helmet
rElec   +            G - +1 cloak {Stlth+}
rCorr   .            (no gloves)
SInv    .            P - +1 pair of boots {Stlth+}
Will    .....        M - amulet of Liolyture {Acrobat rElec rF+ rN+} Stlth
                     F - +5 ring of evasion
HPRegen 0.40/turn    d - +4 ring of slaying
MPRegen 0.13/turn

%: acrobat
@: no status effects
A: no striking features
a: Renounce Religion, Potion Petition, Call Merchant, Bribe Branch


You were on level 13 of the Dungeon.
You worshipped Gozag.
Gozag was aware of your devotion.
You visited 3 branches of the dungeon, and saw 16 of its levels.
You also visited: Sewer.

You collected 3466 gold pieces.
You spent 2351 gold pieces at shops.
You paid 910 gold pieces to Gozag.

Inventory:

Hand Weapons
 a - a +3 war axe
 b - a +3 broad axe
 k - the +7 war axe of the Ornamental God (weapon) {freeze, rN+}
   (You acquired it on level 3 of the Dungeon)

   rN+:       It protects you from negative energy.
 s - a +2 broad axe of draining
Missiles
 j - 2 throwing nets (quivered)
 K - 12 poisoned darts
 L - 8 curare-tipped darts
Armour
 c - a +0 buckler (worn)
 e - a +2 helmet (worn)
 G - a +1 cloak of stealth (worn)
 O - the +1 plate armour "Ytaeg" (worn) {Slay+3}
   (You bought it in a shop on level 11 of the Dungeon)

   Slay+3:    It affects your accuracy & damage with ranged weapons and melee
   (+3).
 P - a +1 pair of boots of stealth (worn)
Jewellery
 d - a +4 ring of slaying (right hand)
 f - a +6 ring of strength
 n - a +6 ring of strength
 A - a ring of protection from cold
 F - a +5 ring of evasion (left hand)
 M - the amulet of Liolyture (around neck) {Acrobat rElec rF+ rN+}
   (You acquired it on level 12 of the Dungeon)

   [amulet of the acrobat]

   Acrobat:   It increases your evasion while moving and waiting.
   rF+:       It protects you from fire.
   rElec:     It insulates you from electricity.
   rN+:       It protects you from negative energy.
Wands
 m - a wand of quicksilver (16)
 v - a wand of polymorph (13)
 D - a wand of charming (7)
 E - a wand of flame (5)
Scrolls
 p - 4 scrolls of amnesia
 t - 5 scrolls of teleportation
 x - a scroll of vulnerability
 y - a scroll of identify
 z - 2 scrolls of fear
Potions
 g - a potion of resistance
 h - 2 potions of heal wounds
 i - a potion of magic
 l - 3 potions of curing
 o - 5 potions of enlightenment
 q - a potion of haste
 u - 3 potions of attraction
 C - 2 potions of invisibility
 I - 2 potions of ambrosia
 N - a potion of mutation
Miscellaneous
 r - a condenser vane
 w - a lightning rod (4/4)


   Skills:
 + Level 13.8 Fighting
 + Level 14.7 Axes
 + Level 12.7 Armour
 + Level 12.8 Shields


You had 12 spell levels left.
You didn't know any spells.
Your spell library contained the following spells:

 Spells                   Type           Power      Damage    Failure   Level
 Magic Dart               Conj           0%         1d3       99%         1
 Cigotuvi's Dreadful Rot  Necr/Alch/Air  0%         N/A       100%        2
 Searing Ray              Conj           0%         2d4       100%        2
 Static Discharge         Conj/Air       0%         3-3/arc   100%        2
 Sublimation of Blood     Necr           0%         N/A       100%        2
 Fugue of the Fallen      Necr           0%         N/A       100%        3
 Ozocubu's Armour         Ice            0%         N/A       100%        3
 Fulminant Prism          Conj/Alch      0%         3d5       100%        4
 Ignite Poison            Fire/Alch      0%         N/A       100%        4
 Manifold Assault         Tloc           0%         N/A       100%        4
 Petrify                  Alch/Erth      0%         N/A       100%        4
 Vhi's Electric Charge    Tloc/Air       0%         N/A       100%        4
 Freezing Cloud           Conj/Ice/Air   0%         6-21      100%        5
 Irradiate                Conj/Alch      0%         3d11      100%        5
 Summon Forest            Summ/Tloc      0%         N/A       100%        5
 Summon Mana Viper        Hex/Summ       0%         N/A       100%        5
 Conjure Ball Lightning   Conj/Air       0%         3x3d6     100%        6
 Summon Cactus Giant      Summ           0%         N/A       100%        6
 Maxwell's Capacitive Co  Air            0%         ∞         100%        8


Dungeon Overview and Level Annotations

Branches:
Dungeon (13/15)            Temple (1/1) D:7            Lair (0/5) D:9
    Orc (2/2) D:12            Elf (0/3) Orc:2         Sewer (visited)
 Vaults: D:13-14

Altars:
Ashenzari
Cheibriados
Dithmenos
Elyvilon
Fedhas
Gozag
Hepliaklqana
Kikubaaqudgha
Makhleb
Nemelex Xobeh
Okawaru
Qazlal
Ru
Sif Muna
Trog
Uskayaw
Vehumet
Wu Jian
Xom
Yredelemnul
Zin
The Shining One
Beogh

Shops:
D:4 (   D:6 *   D:9 ?   D:11 *   Orc:1 ::*   Orc:2 *[=:

Annotations:
D:12 1 runed translucent door
D:13 Frances
Orc:1 2 transporters, Zumaxt's ghost, adept DjMo


Message History

The shard of ice hits you.
Unknown command.
You slice Frances!! You freeze Frances!
Frances is severely wounded.
You hit the sun demon but do no damage.
Frances screams a word of power!
The iron shot hits you!! The sun demon barely misses you.
Unknown command.
You slice Frances!! You freeze Frances!
Frances is almost dead.
You hit the sun demon. You freeze the sun demon.
Frances whispers indecipherable words.
The shard of ice hits you.
The sun demon hits you but does no damage.
Unknown command.
You barely miss Frances.
Frances is almost dead.
You hit the sun demon but do no damage.
Frances hits you with a +1 scimitar of holy wrath!
You block the sun demon's attack.
Unknown command.
You slash Frances! You freeze Frances.
Frances is almost dead.
You barely miss the sun demon.
Frances hits you with a +1 scimitar of holy wrath!
The sun demon hits you!
You are engulfed in flames!
You resist.
Frances chants phrases taken from a devil's mouth.
The shard of ice hits you!!
* * * LOW HITPOINT WARNING * * *
You are too injured to fight recklessly!
Unknown command.
You are too injured to fight recklessly!
Unknown command.
You barely miss Frances.
Frances is almost dead.
You hit the sun demon. You freeze the sun demon.
Frances screams a word of power!
The iron shot hits you!!!
You die...
Your body crumbles into a pile of gold.

#########
#.......# ###
#.......###.....
#.......3...#
#....!.@#.^.....
#.....(@..###..#
#.......### #
#.......#
#.......#
#########


You could see Frances (fast) and a sun demon (summoned).

Vanquished Creatures
  An ettin (Orc:2)
  Snorg (D:10)
  A boulder beetle (D:12)
  2 two-headed ogres
  An orc high priest (Orc:2)
  Nergalle (D:10)
  Sonja (D:11)
  Amaemon (D:11)
  Lodul (D:11)
  6 orc knights (Orc:2)
  3 orc sorcerers (Orc:2)
  A deep elf pyromancer (D:9)
  A manticore (D:12)
  Maurice (D:10)
  3 cyclopes
  5 kobold blastminers (Orc:1)
  Joseph (D:10)
  An orange demon (D:11)
  Maggie (D:6)
  2 gargoyles
  An unseen horror zombie (D:9)
  A komodo dragon (D:12)
  8 trolls
  A hornet (D:11)
  10 saltlings (Orc:2)
  Sigmund (D:6)
  A shadow (D:11)
  A wraith (D:12)
  8 yaks
  An unseen horror simulacrum (D:9)
  5 wargs
  4 vampire mosquitoes (D:12)
  Menkaure (D:7)
  An acid dragon (D:11)
  A water moccasin (D:7)
  9 orc warriors
  11 ogres
  5 centaurs
  2 phantoms
  3 kobold brigands
  8 bullfrogs
  A brain worm (Sewer)
  A gnoll sergeant (D:11)
  3 scorpions
  4 wights
  4 killer bees (D:9)
  An electric eel (D:9)
  A crimson imp (D:10)
  3 howler monkeys
  A bombardier beetle (D:5)
  9 orc priests
  5 hounds
  A jelly (D:8)
  2 centaur skeletons (D:9)
  2 sleepcaps
  4 iguanas
  12 orc wizards
  A howler monkey zombie (D:9)
  16 gnolls
  11 adders
  3 river rats (Sewer)
  2 white imps (D:6)
  2 dart slugs
  4 ribbon worms
  54 orcs
  13 ball pythons
  11 endoplasms
  11 giant cockroaches
  10 goblins
  4 hobgoblins
  15 jackals
  22 kobolds
  2 quokkas (D:1)
  12 bats
  2 frilled lizards
  5 rats
372 creatures vanquished.

Vanquished Creatures (others)
  An orc (D:11)
1 creature vanquished.

Grand Total: 373 creatures vanquished

Notes
Turn   | Place    | Note
-------+----------+-------------------------------------------
     0 | D:1      | p00ps00p the Hill Orc Fighter began the quest for the Orb.
     0 | D:1      | Reached XP level 1. HP: 19/19 MP: 1/1
    29 | D:1      | Reached XP level 2. HP: 19/27 MP: 2/2
    30 | D:1      | Reached skill level 3 in Axes
   185 | D:1      | Reached XP level 3. HP: 31/33 MP: 3/3
   886 | D:2      | Reached XP level 4. HP: 23/40 MP: 4/4
  1372 | D:2      | Found a faded altar of an unknown god.
  1955 | D:3      | Found a shadowy altar of Dithmenos.
  1999 | D:3      | Found a sacrificial altar of Ru.
  2098 | D:3      | Reached skill level 4 in Axes
  2098 | D:3      | Reached XP level 5. HP: 47/47 MP: 5/5
  2182 | D:3      | Found a shimmering altar of Xom.
  2203 | D:3      | Found a hazy altar of Hepliaklqana.
  2207 | D:3      | Found a snail-covered altar of Cheibriados.
  2234 | D:3      | Found an ornate altar of the Wu Jian Council.
  2362 | D:3      | Identified a scroll of acquirement
  2362 | D:3      | Acquired the +7 war axe of the Ornamental God {freeze, rN+}
  2471 | D:4      | Found Sahyun's Antique Weapon Emporium.
  2620 | D:4      | Reached skill level 5 in Fighting
  2620 | D:4      | Reached XP level 6. HP: 54/56 MP: 6/6
  2788 | D:4      | Reached skill level 5 in Axes
  2789 | D:4      | Reached skill level 5 in Shields
  2824 | D:4      | Reached skill level 5 in Armour
  2824 | D:4      | Reached XP level 7. HP: 42/61 MP: 7/7
  3513 | D:5      | Entered Level 5 of the Dungeon
  3776 | D:5      | Reached skill level 6 in Axes
  3807 | D:5      | Reached XP level 8. HP: 64/71 MP: 8/8
  4187 | D:5      | Found a stormy altar of Qazlal.
  4720 | D:6      | Found Lirgh's Gadget Gallery.
  4819 | D:6      | Noticed Sigmund
  4836 | D:6      | Killed Sigmund
  4877 | D:6      | Noticed Maggie
  4890 | D:6      | Killed Maggie
  4891 | D:6      | Reached skill level 7 in Axes
  4902 | D:6      | Got the Incunabulum of the Brume
  5009 | D:6      | Found a glowing drain.
  5029 | Sewer    | Entered a sewer
  5418 | Sewer    | Reached XP level 9. HP: 73/79 MP: 9/9
  6204 | D:7      | Found a staircase to the Ecumenical Temple.
  6219 | D:7      | Noticed Menkaure
  6225 | Temple   | Entered the Ecumenical Temple
  6237 | D:7      | Reached skill level 8 in Axes
  6440 | D:7      | Killed Menkaure
  7156 | D:8      | Found a white marble altar of Elyvilon.
  7389 | D:8      | Reached skill level 9 in Axes
  7749 | D:9      | Reached XP level 10. HP: 78/91 MP: 10/10
  7935 | D:9      | Found a staircase to the Lair.
  8140 | D:9      | Noticed a deep elf pyromancer
  8148 | D:9      | Killed a deep elf pyromancer
  8149 | D:9      | Reached skill level 10 in Axes
  8314 | D:9      | Found Nutiamp's Magic Scroll Shoppe.
  8396 | D:9      | Found an opulent altar of Gozag.
  8426 | D:9      | Became a worshipper of Gozag Ym Sagoz the Greedy
  8575 | D:9      | Found a bloodstained altar of Trog.
  8586 | D:9      | Found a basalt altar of Yredelemnul.
  8642 | D:9      | Reached skill level 10 in Fighting
  9048 | D:10     | Entered Level 10 of the Dungeon
  9121 | D:10     | Noticed Joseph
  9128 | D:10     | Killed Joseph
  9261 | D:10     | Noticed a two-headed ogre
  9265 | D:10     | Killed a two-headed ogre
  9278 | D:10     | Noticed Maurice
  9283 | D:10     | Something stole a +2 broad axe of draining
  9289 | D:10     | Something stole a ring of protection from cold
  9291 | D:10     | Killed Maurice
  9292 | D:10     | Reached skill level 11 in Axes
  9292 | D:10     | Reached XP level 11. HP: 74/101 MP: 6/11
  9517 | D:10     | Noticed Snorg
  9529 | D:10     | Killed Snorg
  9533 | D:10     | Noticed Nergalle
  9551 | D:10     | Killed Nergalle
  9552 | D:10     | Reached skill level 10 in Shields
 10024 | D:10     | Found a burning altar of Makhleb.
 10025 | D:10     | Found a radiant altar of Vehumet.
 10181 | D:11     | Noticed a cyclops
 10207 | D:11     | Killed a cyclops
 10208 | D:11     | Reached skill level 10 in Armour
 10283 | D:11     | Noticed Amaemon
 10301 | D:11     | Killed Amaemon
 10364 | D:11     | Reached skill level 12 in Axes
 10447 | D:11     | Noticed a two-headed ogre
 10452 | D:11     | Killed a two-headed ogre
 10575 | D:11     | Noticed a cyclops
 10587 | D:11     | Killed a cyclops
 10690 | D:11     | Noticed Sonja
 10692 | D:11     | Noticed Lodul
 11114 | D:11     | Killed Sonja
 11115 | D:11     | Reached XP level 12. HP: 80/112 MP: 12/12
 11121 | D:11     | Killed Lodul
 11277 | D:12     | Noticed a boulder beetle
 11283 | D:12     | Killed a boulder beetle
 11326 | D:12     | Reached skill level 13 in Axes
 11679 | D:12     | Found a runed translucent door.
 11682 | D:12     | Noticed a balrug
 11742 | D:12     | Acquired the amulet of Liolyture {Acrobat rElec rF+ rN+}
 11767 | D:12     | Found a roughly hewn altar of Beogh.
 11767 | D:12     | Found a staircase to the Orcish Mines.
 12041 | D:11     | Bought an encrusted plate armour for 1036 gold pieces
 12041 | D:11     | Identified the +1 plate armour "Ytaeg" {Slay+3} (You bought
                  | it in a shop on level 11 of the Dungeon)
 12105 | Orc:1    | Entered Level 1 of the Orcish Mines
 12951 | Orc:1    | Identified the +6 great mace of Sharkskin {flame, Str+4
                  | Int+4}
 12951 | Orc:1    | Noticed an ettin
 12953 | Orc:1    | Noticed Zumaxt's ghost (adept DjMo)
 12953 | Orc:1    | Noticed a two-headed ogre
 12954 | Orc:1    | Found a transporter.
 12954 | Orc:1    | Noticed a two-headed ogre
 12954 | Orc:1    | Noticed a two-headed ogre
 12954 | Orc:1    | Noticed a two-headed ogre
 12988 | Orc:1    | Found a transporter.
 13083 | Orc:1    | Found Ukkyuwn's General Store.
 13088 | Orc:1    | Found Viteggyri's Book Shop.
 13172 | Orc:2    | Entered Level 2 of the Orcish Mines
 13456 | Orc:2    | Found a staircase to the Elven Halls.
 13619 | Orc:2    | Noticed an ettin
 13627 | Orc:2    | Killed an ettin
 13730 | Orc:2    | Paralysed by an orc sorcerer for 4 turns
 13736 | Orc:2    | Reached skill level 14 in Axes
 13742 | Orc:2    | Reached XP level 13. HP: 79/122 MP: 13/13
 13911 | Orc:2    | Found Voxzihuf's Antique Armour Shoppe.
 13912 | Orc:2    | Found a roughly hewn altar of Beogh.
 13920 | Orc:2    | Found Erourchoa's Jewellery Shoppe.
 14052 | Orc:2    | Bought a pair of glowing boots for 195 gold pieces
 14142 | Orc:2    | Found Ennya's Assorted Antiques.
 14175 | Orc:2    | Found Deanaetz's Book Shoppe.
 14476 | Orc:2    | Paralysed by an orc sorcerer for 2 turns
 14678 | Orc:1    | Found Laom's Book Shop.
 14960 | D:6      | Bought a condenser vane for 560 gold pieces
 14960 | D:6      | Bought a lightning rod (4/4) for 560 gold pieces
 15120 | D:13     | Noticed Frances
 15130 | D:13     | Killed from afar by Frances

Illustrated notes

Levels and vault maps discovered:
D:1:      dpeg_arrival_long_road, layout_basic, kennysheep_another_room
D:2:      layout_basic, shapermc_ecumenical_altar_hornbeckon,
          columned_hall_lemuel, st_stairs_8, minmay_hedge_maze,
          minmay_liquid_box, nicolae_underground_beach
D:3:      layout_basic, lemuel_crystal_altar, amcnicky_altar_gilded,
          nicolae_overflow_quartered_altars, minmay_misc_feat_columns
D:4:      layout_basic, serial_shops, shop
D:5:      layout_basic, grunt_qazlal_sundering
D:6:      layout_basic, gup_sewer_entry_bowl, nicolae_shop_gadgets, uniq_maggie,
          uniq_sigmund
D:7:      layout_gridville, minmay_temple_entry_trees, uniq_menkaure
D:8:      layout_loops_ring, elyvilon_altar_4
D:9:      layout_irregular_city, mainiacjoe_overflow_big_doors,
          nicolae_gozag_seed_capital, dpeg_oklobed_lair, serial_shops,
          nicolae_square_shop, serial_bayou_pond_e, serial_bayou_pond_b,
          hangedman_weighted_door, kennysheep_generic_room_2
D:10:     layout_stronghold, grunt_temple_overflow_lords_of_destruction,
          serial_column_ruins, column_ruins_grid_3, column_ruins_grid_3,
          column_ruins_open_small, column_ruins_open_large, minivault_25_ag,
          uniq_maurice, uniq_snorg, uniq_nergalle, uniq_joseph
D:11:     layout_roguey, uniq_lodul, uniq_amaemon, uniq_sonja
D:12:     dreamdust_dug_too_deep, layout_basic, david_orc_5,
          nzn_sisyphean_effort
D:13:     layout_rooms, ashenzari_altar_1, uniq_frances
Temple:   hellmonk_temple_forest_ring
Orc:1:    layout_diamond_mine, gammafunk_ghost_smash, serial_shops,
          nicolae_shop_rolling_square, nicolae_lakefront_shop,
          nicolae_shop_peninsula
Orc:2:    hellmonk_orc_salted, layout_caves

Skill      XL: |  1  2  3  4  5  6  7  8  9 10 11 12 |
---------------+-------------------------------------+-----
Axes           | 3 4 5 6 7 9 11 12 14 | 14.7
Fighting       | 4 5 6 7 9 10 11 13 | 13.8
Armour         | 4 5 6 8 9 11 12 | 12.7
Shields        | 4 5 6 8 9 11 12 | 12.8

Action                     |  1- 3 |  4- 6 |  7- 9 | 10-12 | 13-15 || total
---------------------------+-------+-------+-------+-------+-------++-------
  Melee: War axe           |    71 |   151 |   271 |   361 |    82 ||   936
  Throw: Throwing net      |       |       |       |       |     1 ||     1
 Invoke: Call Merchant     |       |       |       |     1 |       ||     1
  Evoke: Wand              |       |       |     2 |    20 |       ||    22
    Use: Scroll            |     3 |     7 |    10 |     6 |     1 ||    27
         Potion            |       |       |     1 |     8 |       ||     9
   Stab: Distracted        |       |       |       |     2 |     1 ||     3
         Held in net/web   |       |       |       |       |     1 ||     1
 Armour: Scale mail        |    61 |    60 |   178 |       |       ||   299
         Plate armour      |       |       |    14 |   384 |    45 ||   443
  Dodge: Dodged            |    48 |    48 |   173 |   246 |    29 ||   544
  Block: Buckler           |    16 |    24 |    68 |   128 |    18 ||   254

Table legend: (Time is in decaauts)
 A = Elapsed time spent in this place.
 B = Non-inter-level travel time spent in this place.
 C = Inter-level travel time spent in this place.
 D = Time resting spent in this place.
 E = Time spent auto-exploring this place.
 F = Levels seen in this place.
 G = Mean time per level.
                   A        B        C        D        E       F      G
               +--------+--------+--------+--------+--------+-----+--------+
         Total |  15405 |  14396 |   1009 |   1750 |  10094 |  17 |  906.2 |
       Dungeon |  12497 |  11609 |    888 |   1632 |   8042 |  13 |  961.3 |
        Temple |      7 |      7 |      0 |      0 |      0 |   1 |    7.0 |
  Orcish Mines |   2089 |   1968 |    121 |    118 |   1457 |   2 | 1044.5 |
         Sewer |    811 |    811 |      0 |      0 |    594 |   1 |  811.0 |
               +--------+--------+--------+--------+--------+-----+--------+

Top non-repeatable levels by time:
    D:10: 1529 daAuts
     D:9: 1495 daAuts
   Orc:2: 1474 daAuts
    D:12: 1445 daAuts
     D:5: 1132 daAuts
     D:4: 1063 daAuts
     D:2: 1015 daAuts
     D:6: 968 daAuts
    D:11: 851 daAuts
     D:8: 840 daAuts
     D:1: 832 daAuts
   Sewer: 811 daAuts
     D:3: 682 daAuts
     D:7: 631 daAuts
   Orc:1: 614 daAuts
